[Event "FIDE World School-ch O-17 2025"]
[Site "Vrnjacka Banja"]
[Date "2025.03.21"]
[Round "2.1"]
[White "Bogdanov, Artyom"]
[Black "Kazhmuratov, Altair"]
[Result "1-0"]
[Annotator "TA"]
[ECO "B15"]
[WhiteElo "2373"]
[BlackElo "1971"]
[PlyCount "83"]
[EventDate "2025.03.19"]
[EventType "swiss"]
[EventCountry "SRB"]
[SourceTitle "playchess.com"]
[Source "ChessBase"]
[SourceQuality "1"]
[TimeControl "5400+30"]

1. e4 c6 2. Nf3 d5 3. Nc3 g6 4. d4 dxe4 5. Nxe4 Bg7 {[%emt 0:00:14] Black is weak on the dark squares} 6. Bc4 {[%emt 0:05:36] B15: Caro-Kann: 3 Nc3: 3...g6 and 3...dxe4 4 Nxe4 Nf6 5 Nxf6+ exf6.} Nf6 7. Nxf6+ exf6 8. O-O {[%emt 0:03:07] White is slightly better.} O-O 9. Re1 {[%emt 0:06:46] is the legacy move (9.h3).} Nd7 10. a4 c5 $146 (10... Nb6 11. Bb3 a5 12. h3 Nd5 13. Bd2 Qd6 14. c4 Nf4 15. Bxf4 Qxf4 16. d5 cxd5 17. cxd5 {½-½ Alsasua,E-Weiss,S Sacramento op 1993}) 11. Bf4 Nb6 12. Bf1 Nd5 13. Bg3 cxd4 14. Qxd4 Be6 15. c3 f5 16. Be5 Bxe5 17. Qxe5 Qf6 18. Nd4 Qxe5 19. Rxe5 Nc7 20. Nxe6 fxe6 21. g3 Kf7 22. Bg2 Rfd8 {[%emt 0:00:38] [#]} 23. Rc5 $1 {[%emt 0:01:24] White is more active.} (23. Bxb7 Rab8 24. Bh1 Rxb2 $11) 23... Na6 {[%emt 0:06:18] [#]} 24. Rb5 (24. Ra5 $1 $16 Rab8 25. b4) 24... Rab8 $14 25. Rxb7+ (25. Ra5 $5) 25... Rxb7 26. Bxb7 {[%emt 0:00:04][%mdl 4096] Endgame KRB-KRN. White is a pawn up.} Nc5 27. Bf3 Rd2 (27... Rd3 $11 28. Bc6 Rd6) 28. b4 $16 Nd3 29. Bg2 ({Avoid the trap} 29. Rd1 $2 Ne5 $19) 29... Ke7 30. f4 Rc2 31. a5 Rxc3 32. b5 Rb3 {[%emt 0:00:18] [#]} 33. b6 a6 (33... axb6 $2 {too greedy.} 34. a6 Rc3 35. Bb7 $18 (35. a7 Rc8 $18)) 34. Rd1 g5 $2 {[%emt 0:00:57][%mdl 8192] Loses the game.} 35. fxg5 $18 Nb2 $2 (35... Nc5 36. Bc6 Kf8 37. Rd8+ Ke7) 36. Rb1 e5 37. Bf1 Rb4 38. Bxa6 {[%emt 0:00:14] Threatens to win with Be2.} e4 39. Be2 Kd6 40. a6 {[%emt 0:00:46] Intending a7 and mate.} Kc6 41. b7 Kc7 42. Rc1+ {[%emt 0:00:11] Weighted Error Value: White=0.06 (flawless) /Black=0.78  Loses game:     	---       	Black=1      Mistake:       	White=1     	Black=2      Inaccurate:     	White=3     	Black=3      OK:         	White=13    	Black=13     Best:        	White=2     	Black=3      Strong:       	White=1     	---} 1-0

[Event "FIDE World School-ch O-17 2025"]
[Site "Vrnjacka Banja"]
[Date "2025.03.21"]
[Round "2.2"]
[White "Zdravkovic, Filip"]
[Black "Ljepic, Andrej"]
[Result "0-1"]
[Annotator "TA"]
[ECO "B44"]
[WhiteElo "1963"]
[BlackElo "2337"]
[PlyCount "86"]
[EventDate "2025.03.19"]
[EventType "swiss"]
[EventCountry "SRB"]
[SourceTitle "playchess.com"]
[Source "ChessBase"]
[SourceQuality "1"]
[TimeControl "5400+30"]

1. e4 c5 2. Nf3 Nc6 3. d4 cxd4 4. Nxd4 e5 5. Nb5 d6 6. c4 a6 7. N5c3 Nf6 8. Be2 Be7 9. O-O O-O 10. Be3 Be6 11. f3 Rc8 {[%emt 0:02:54] B44: Sicilian: Taimanov: 5 Nb5.} 12. Nd5 Bxd5 $1 13. exd5 Nb8 (13... Nd4 $1 $11) 14. Nc3 Nbd7 15. Rc1 Nh5 $146 (15... Ne8 16. Bd3 f5 17. Qc2 g6 18. f4 e4 19. Be2 Bf6 20. Qd2 Bg7 21. Bd4 Nef6 {0-1 Calvert,J (1552)-Blewitt,S (1934) BCF-ch Seniors 65 2016 (3)}) 16. Qd2 {[%emt 0:09:47] Black is weak on the light squares} f5 17. b4 Nf4 18. Bxf4 (18. c5 dxc5 19. d6 Bg5 20. Nd5) 18... exf4 19. Bd3 Qb6+ 20. Kh1 Qxb4 21. Rb1 $1 (21. Qxf4 g6 22. Nb1 Bf6) 21... Qa5 22. Rxb7 Rc7 23. Rxc7 Qxc7 24. Qxf4 Nc5 25. Bb1 (25. Bxf5 $2 g6 26. Ne2 Rxf5 $19 (26... gxf5 27. Nd4 $17)) 25... g6 26. Ne2 Bf6 27. Nd4 Bxd4 28. Qxd4 Qe7 29. g4 (29. Qf4 $11) 29... Qe2 $15 30. Kg1 {[%emt 0:02:20] [#]} fxg4 {[%emt 0:00:13] Black is much more active.} ({Black should play} 30... Rb8 $1 $17 {[%cal Rb8b2] and ...Rb2 would now be decisive} 31. Qd1 Qe3+ (31... Qxc4 32. gxf5 Rb2 33. Rf2 $11) 32. Kh1 fxg4 33. fxg4 a5) 31. Qxg4 $11 Qe3+ (31... Rf7 {is interesting.} 32. Qg3 Rf6 33. Qh4 Qb2) 32. Kh1 (32. Kg2 $11) 32... Kg7 $40 {[%emt 0:00:09][%mdl 128] Black attacks.} (32... Qe2 33. Qg2 Qxg2+ (33... Qxc4 $2 34. Bxg6 Qh4 35. Rg1 $16) 34. Kxg2 $11) 33. f4 Qd4 34. Qe2 (34. Qf3 $1 $11 {remains equal.}) 34... Rxf4 $17 35. Rxf4 Qxf4 {[%emt 0:00:05][%mdl 4096] Endgame KQB-KQN} 36. Kg2 Kf6 37. Qb2+ ({White should play} 37. Qe8 $15) 37... Kg5 38. Qc3 {[%emt 0:00:13] [#]} Nd7 $1 39. Qd3 (39. Qg3+ $17 {keeps fighting.} Qxg3+ 40. Kxg3) 39... Ne5 $19 40. Qe2 Nxc4 ({Not} 40... Qxc4 41. Qxc4 Nxc4 42. Bd3 Ne3+ 43. Kf3 Nxd5 44. Bxa6 $11) 41. Qe7+ Kh6 {[%emt 0:00:11] ( -> ...Ne3+)} 42. Qe2 Ne3+ 43. Kh3 $2 (43. Kg1 $19) 43... Kg5 {[%emt 0:01:30] Weighted Error Value: White=0.47/Black=0.10 (very precise)   Mistake:       	White=6     	Black=2      Inaccurate:     	White=6     	Black=3      OK:         	White=8     	Black=12     Best:        	White=2     	Black=5      Strong:       	White=1     	Black=2} 0-1

[Event "FIDE World School-ch O-17 2025"]
[Site "Vrnjacka Banja"]
[Date "2025.03.21"]
[Round "2.3"]
[White "Yildiz, Egehan"]
[Black "Brankovic, Uros"]
[Result "1-0"]
[Annotator "TA"]
[ECO "D38"]
[WhiteElo "2204"]
[BlackElo "1966"]
[PlyCount "87"]
[EventDate "2025.03.19"]
[EventType "swiss"]
[EventCountry "SRB"]
[SourceTitle "playchess.com"]
[Source "ChessBase"]
[SourceQuality "1"]
[TimeControl "5400+30"]

1. d4 Nf6 2. c4 e6 3. Nf3 d5 4. Nc3 Bb4 5. Qa4+ Nc6 6. a3 Bxc3+ 7. bxc3 Bd7 8. cxd5 {[%emt 0:01:02] D38: Queen's Gambit Declined: Ragozin Defence (4 Nf3 Bb4).} exd5 9. Bg5 O-O 10. Qc2 {[%emt 0:08:52] The position is equal.} h6 11. Bh4 g5 12. Bg3 Ne4 13. Nd2 Bf5 $146 (13... Nxd2 {with more complications.} 14. Kxd2 Qf6 15. e3 Bf5) (13... Nxg3 14. hxg3 Qf6 15. e3 Bf5 16. Qb3 Rfd8 17. Be2 Na5 18. Qb4 b6 19. O-O Rac8 20. g4 {½-½ Kosic,D (2495)-Bokros,A (2452) HUN-chT 1112 2011 (8)}) 14. Nxe4 Bxe4 15. Qd1 Qe7 16. h4 Kg7 17. e3 f5 (17... Rae8 $11) 18. hxg5 $16 hxg5 {[%emt 0:00:39] [#]} (18... f4 $142 19. gxh6+ (19. Bxf4 Rxf4 20. exf4 Bxg2+ 21. Kd2 Bxh1 $15) 19... Kh7) 19. f3 $1 f4 20. fxe4 fxg3 21. e5 {[%emt 0:01:08][%csl Oe5] White has a strong passed pawn} (21. Qg4 $16) 21... Qf7 $14 {[%emt 0:03:07][%csl Gf8,Gg3][%cal Rf7f2] Dodges Rh5} 22. Qg4 Qf2+ 23. Kd1 {[%emt 0:00:04] The board is on fire.} Qxe3 {[%emt 0:00:29] [#]} ({Black should play} 23... Qxf1+ $14 24. Rxf1 Rxf1+ 25. Kc2 Rxa1) 24. Qd7+ $2 $40 {[%emt 0:00:40][%mdl 128] White mounts an attack.} ({White has to play} 24. Be2 $1 $18) 24... Rf7 $11 {[%emt 0:00:29] [#]} 25. Rh7+ $1 Kxh7 26. Qxf7+ Kh8 27. Qf6+ {[%emt 0:00:36][%mdl 1024] White has compensation.} (27. Qxd5 Rf8 (27... Qxc3 $2 28. Rc1 $19) 28. Kc2 Rf4 $19) 27... Kg8 $2 {[%emt 0:01:20] White leaves nothing to chance now.} (27... Kh7 $1 $11) 28. Qg6+ $18 Kf8 29. Kc2 (29. Bd3 $18 {Strongly threatening Qh6+.} Qg1+ 30. Kc2 Qf2+ (30... Qxa1 31. Qh6+ Kf7 32. Bg6+ Ke6 33. Qh3+ Ke7 34. Qh7+ Kd8 35. Qg8+ Kd7 36. Qxd5+ Kc8 37. Bf5+ Kb8 38. Qg8+) (30... Qxg2+ $2 31. Kb3 $18) 31. Kb3 Nxe5 32. Qh6+ (32. dxe5 Qb6+ 33. Qxb6 axb6 $18) 32... Kf7 33. Qh7+ (33. dxe5 Qb6+ 34. Qxb6 axb6 $18) 33... Ke6 34. dxe5 Qb6+ 35. Ka4) 29... Qf2+ $2 (29... a5 $16) 30. Kb3 Na5+ $2 (30... a5 31. a4 (31. Qxg5 $2 a4#) 31... Nxd4+ 32. cxd4 Qxd4 33. Qf6+ Kg8) 31. Ka4 Qb2 (31... Qf7 $142 32. Qh6+ (32. Qxg5 Nc4 $18) 32... Qg7 33. Qxg7+ Kxg7 34. Kxa5 Rf8) 32. Qf6+ Kg8 33. Qxg5+ Kf8 34. Qf5+ Kg8 {[%emt 0:00:39] [#]} 35. Bc4 {[%emt 0:02:24] Prevents Qb3+} b5+ (35... Nxc4 36. Qg6+) 36. Kxa5 {[%emt 0:01:03] White mates.} Qxc3+ 37. Ka6 $1 Qxc4 {[%emt 0:00:21] KQR-KQR. Black is a pawn up.} 38. Qg6+ Kf8 39. Rh1 (39. Qxg3 $2 {perishes.} Qc6+ (39... Qxd4 40. Rf1+ Ke8 41. Qg6+ Kd8 42. Rf8+ Kd7 43. Rf7+ Ke8 44. Qg8#) 40. Ka5 Qb6+ 41. Kb4 Qxd4+ 42. Kb3 Qxa1 $19) 39... b4+ 40. Ka5 Rb8 41. Rh8+ Ke7 42. Qg7+ Ke6 43. Qg4+ Ke7 44. Rh7+ {[%emt 0:00:06] Weighted Error Value: White=0.39/Black=0.71  Loses game:     	---       	Black=2      Missed win:     	White=1     	---        Mistake:       	White=2     	Black=5      Inaccurate:     	White=2     	Black=1      OK:         	White=10    	Black=2      Best:        	White=5     	Black=6      Strong:       	White=1     	---        Brilliant:      	White=1     	---} 1-0

[Event "FIDE World School-ch O-17 2025"]
[Site "Vrnjacka Banja"]
[Date "2025.03.21"]
[Round "2.4"]
[White "Topuz, Mirac Melih"]
[Black "Taran, Egor A"]
[Result "0-1"]
[Annotator "NA RC"]
[ECO "D11"]
[WhiteElo "2113"]
[BlackElo "1961"]
[PlyCount "114"]
[EventDate "2025.03.19"]
[EventType "swiss"]
[EventCountry "SRB"]
[SourceTitle "playchess.com"]
[Source "ChessBase"]
[SourceQuality "1"]
[TimeControl "5400+30"]

1. d4 d5 2. c4 c6 3. Nf3 Nf6 4. Qc2 g6 $11 5. Bf4 Bg7 6. e3 Bf5 7. Qb3 Qb6 8. c5 Qxb3 9. axb3 Nbd7 10. h3 O-O 11. Nbd2 a6 12. Be2 Rfe8 13. b4 Ne4 14. Nb3 e5 15. Bh2 exd4 16. Nfxd4 Ne5 17. Rc1 Rad8 18. O-O Bc8 19. Rfd1 h5 20. Bf1 h4 21. Rc2 f5 22. Na5 Kf7 23. Be2 Bf6 24. Bf1 Bg7 25. Bxe5 Bxe5 26. Ndxc6 bxc6 27. Nxc6 Bb7 28. Nxd8+ Rxd8 29. c6 Bc8 30. Ra1 d4 31. exd4 Rxd4 32. Bc4+ Ke7 33. b5 axb5 34. Bxb5 Rb4 35. Bd3 Nd6 36. Re1 Kf6 37. Ree2 Rd4 38. Rcd2 Bf4 39. Rd1 Ba6 40. g3 hxg3 41. fxg3 Rxd3 42. Rxd3 Bxd3 43. Re1 Bxg3 44. Re3 Be4 45. Rxg3 Bxc6 46. h4 f4 47. Rc3 Bd5 48. b4 Ke5 49. Kh2 Ne4 50. Rc8 Nd2 51. Re8+ Kd4 52. Kh3 f3 53. Rf8 Ke3 54. Kg4 Be6+ 55. Kg5 Bf5 56. h5 Ne4+ 57. Kh6 f2 0-1

[Event "FIDE World School-ch O-17 2025"]
[Site "Vrnjacka Banja"]
[Date "2025.03.21"]
[Round "2.5"]
[White "Kanacki, Vuk"]
[Black "Adithya A Chullikkad"]
[Result "0-1"]
[Annotator "NA RC"]
[ECO "D35"]
[WhiteElo "1956"]
[BlackElo "2101"]
[PlyCount "82"]
[EventDate "2025.03.19"]
[EventType "swiss"]
[EventCountry "SRB"]
[SourceTitle "playchess.com"]
[Source "ChessBase"]
[SourceQuality "1"]
[TimeControl "5400+30"]

1. d4 Nf6 2. c4 e6 3. Nf3 d5 4. cxd5 exd5 5. Nc3 h6 6. Bf4 Bd6 7. Bxd6 Qxd6 8. Qc2 O-O 9. e3 c6 10. Bd3 Be6 11. O-O-O a5 12. Kb1 Na6 13. Bxa6 Rxa6 14. Rc1 a4 15. Ne2 Ne4 16. Ng3 Rb6 17. Ne5 Qb4 18. Rhd1 Nd6 19. Nd3 Qb5 20. Qc5 Nc4 21. Qxb5 Rxb5 22. Ka1 f6 23. Rc2 Bf7 24. Ne2 Bg6 25. Nc3 Ra5 26. Re2 Bxd3 27. Rxd3 b5 28. Nb1 Ra7 29. Na3 b4 30. Nxc4 dxc4 31. Rd1 a3 32. Rc1 b3 33. Rxc4 Rfa8 34. Rxc6 axb2+ 35. Rxb2 Rxa2+ 36. Rxa2 Rxa2+ 37. Kb1 Rxf2 38. d5 Rxg2 39. d6 Rd2 40. Kc1 Rd3 41. Rc8+ Kh7 0-1

[Event "FIDE World School-ch O-17 2025"]
[Site "Vrnjacka Banja"]
[Date "2025.03.21"]
[Round "2.6"]
[White "Elmirzaev, Khondamir"]
[Black "Andjelkovic, Aleksandar M"]
[Result "1-0"]
[Annotator "NA RC"]
[ECO "D45"]
[WhiteElo "2036"]
[BlackElo "1930"]
[PlyCount "75"]
[EventDate "2025.03.19"]
[EventType "swiss"]
[EventCountry "SRB"]
[SourceTitle "playchess.com"]
[Source "ChessBase"]
[SourceQuality "1"]
[TimeControl "5400+30"]

1. Nf3 d5 2. c4 e6 3. e3 Nf6 4. Nc3 c6 5. b3 Nbd7 6. Bb2 Bd6 7. d4 Qe7 8. Qc2 O-O 9. Be2 b6 10. O-O Bb7 11. Rfe1 dxc4 12. bxc4 e5 13. Rad1 Rfe8 14. h3 Rad8 15. Bf1 h6 16. a4 a5 17. Ba1 Qf8 18. Na2 exd4 19. exd4 Bc7 20. Nc1 Nb8 21. Nd3 Na6 22. Bc3 Ne4 23. Bb2 Qd6 24. Nde5 Nf6 25. Qb3 Qb4 26. Qa2 Nd7 27. Nxf7 Kxf7 28. c5+ Kf8 29. Ba3 Qxa4 30. cxb6+ Nb4 31. bxc7 Ra8 32. Nh4 g5 33. Nf5 c5 34. Qb2 Qc2 35. Qxc2 Nxc2 36. Rxe8+ Rxe8 37. Bxc5+ Nxc5 38. dxc5 1-0

[Event "FIDE World School-ch O-17 2025"]
[Site "Vrnjacka Banja"]
[Date "2025.03.21"]
[Round "2.7"]
[White "Adilbekuly, Altair"]
[Black "Orgilon Batsaikhan"]
[Result "1/2-1/2"]
[Annotator "NA RC"]
[ECO "B94"]
[WhiteElo "1628"]
[BlackElo "2024"]
[PlyCount "62"]
[EventDate "2025.03.19"]
[EventType "swiss"]
[EventCountry "SRB"]
[SourceTitle "playchess.com"]
[Source "ChessBase"]
[SourceQuality "1"]
[TimeControl "5400+30"]

1. e4 c5 2. Nf3 d6 3. d4 cxd4 4. Nxd4 Nf6 5. Nc3 a6 6. Bg5 Nbd7 7. Bc4 Qb6 8. Bb3 e6 9. Qd2 Be7 10. O-O-O Nc5 11. f3 Qc7 12. g4 b5 13. Be3 Nfd7 14. g5 b4 15. Nce2 Ne5 16. Ng3 Nxb3+ 17. axb3 Bd7 18. f4 Nc6 19. Nh5 Bf8 20. Rhf1 Qb7 21. Nxc6 Bxc6 22. Qd4 Rg8 23. Ng3 a5 24. Qb6 Qc8 25. e5 Ra6 26. Qd4 a4 27. bxa4 Bxa4 28. Rf2 d5 29. f5 Bb3 30. Kb1 Ba2+ 31. Kc1 Bb3 1/2-1/2

[Event "FIDE World School-ch O-17 2025"]
[Site "Vrnjacka Banja"]
[Date "2025.03.21"]
[Round "2.8"]
[White "Milanovic, Marko"]
[Black "Panda, Barnabas"]
[Result "1-0"]
[Annotator "TA"]
[ECO "C43"]
[WhiteElo "2271"]
[BlackElo "2147"]
[PlyCount "82"]
[EventDate "2025.03.19"]
[EventType "swiss"]
[EventCountry "SRB"]
[SourceTitle "playchess.com"]
[Source "ChessBase"]
[SourceQuality "1"]
[TimeControl "5400+30"]

1. e4 e5 2. Nf3 Nf6 3. d4 Nxe4 4. Bd3 d5 5. Nxe5 Nd7 6. Nxd7 Bxd7 7. O-O Bd6 8. Qh5 c6 {[%emt 0:10:20] C43: Petroff Defence: 3 d4.} 9. Re1 (9. Bxe4 $14 dxe4 10. Nd2) 9... O-O $11 10. Bxe4 dxe4 {[%emt 0:00:16] The position is equal.} 11. Rxe4 Qf6 $146 {[%emt 0:04:25] Black sacrificed a pawn} (11... Re8 12. Rxe8+ Qxe8 13. Be3 Qe4 14. Qd1 Bg4 15. Qc1 Bf5 16. c4 Qh4 17. g3 Qh5 {½-½ Xie,J (2553)-Karpov,A (2692) Najdorf Memorial 12th 2001 (6)}) 12. Nc3 Bf5 13. Bg5 Qg6 14. Qxg6 Bxg6 {[%emt 0:00:10] This pair of bishops is nice.} 15. Re2 f6 16. Bh4 Bb4 ({Black should try} 16... Rae8 $11) 17. Ne4 $14 f5 18. Ng5 (18. Nc5 $14) 18... Rae8 19. Re5 Rxe5 20. dxe5 Rd8 21. Nf3 Rd5 22. a3 Bc5 23. Re1 Bh5 24. c4 Rd3 25. e6 Bxf3 $2 {[%emt 0:00:20] [#] Black cannot hold the game after this.} (25... Bd6 $1 $11 {and Black is okay.}) 26. gxf3 $11 {[%emt 0:00:08][%mdl 4096] Endgame KRB-KRB. White is a pawn up.} Kf8 27. Re5 $1 b6 28. Rxf5+ Ke8 29. Rf7 Rd4 30. Bg3 h5 31. b4 Bf8 (31... h4 $142 32. Be5 Rd1+ 33. Kg2 Bd6) 32. Rxa7 $18 Rxc4 33. Be5 Rc1+ 34. Kg2 Re1 35. f4 (35. Bxg7 Bxg7 36. Rxg7 Rxe6 $18) 35... g5 36. Bc3 Rxe6 37. fxg5 Be7 38. h4 Re4 39. Kh3 Rf4 40. Be1 Rd4 41. f3 Rd1 {[%emt 0:01:00] Weighted Error Value: White=0.18 (very precise) /Black=0.35  Loses game:     	---       	Black=1      Mistake:       	White=2     	Black=2      Inaccurate:     	White=2     	Black=5      OK:         	White=15    	Black=8      Best:        	White=2     	Black=3} 1-0